 Dungeon Crawl Stone Soup version 0.28.0-53-g5a82cb258f (webtiles) character file.

Game seed: 11278178832706889773

86 PentaManta the Insei (level 4, 0/32 HPs)
             Began as a Merfolk Transmuter on June 5, 2022.
             Slain by an orc
             ... wielding a +0 trident
              (1 damage)
             ... on level 3 of the Dungeon.
             The game lasted 00:06:09 (1929 turns).

PentaManta the Insei (Merfolk Transmuter)           Turns: 1929, Time: 00:06:10

Health: 0/32       AC:  5    Str: 10    XL:     4   Next: 50%
Magic:  5/7        EV: 13    Int: 14    God:
Gold:   13         SH:  0    Dex: 14    Spells: 1/7 levels left

rFire   + . .      SeeInvis .     - Unarmed
rCold   . . .      Faith    .   (no shield)
rNeg    . . .      Spirit   .   m - +2 robe {rF+}
rPois   .          Reflect  .   (helmet currently unavailable)
rElec   .          Harm     .   j - +0 cloak
rCorr   .          Rampage  .   (no gloves)
Will    .....                   (boots currently unavailable)
Stlth   +.........              g - amulet of regeneration
HPRegen 0.90/turn               (no ring)
MPRegen 0.10/turn               (no ring)

@: appendages, wereblooded
A: horns 2, (nimble swimmer 2), mertail
a: End Transformation


You were on level 3 of the Dungeon.
You had temporarily grown beastly horns.
You visited 1 branch of the dungeon, and saw 3 of its levels.

You collected 13 gold pieces.

Inventory:

Missiles
 h - 47 stones
Armour
 a - a +0 leather armour
 d - a +0 pair of boots (melded)
 j - a +0 cloak (worn)
 k - a +0 scale mail
 m - a +2 robe of fire resistance (worn)
Jewellery
 b - a ring of protection from cold
 c - an amulet of reflection
 g - an amulet of regeneration (around neck)
Potions
 e - 3 potions of haste {unknown}
 f - a potion of curing {unknown}
 l - a potion of degeneration {unknown}


   Skills:
 - Level 1.1 Fighting
 + Level 3.9 Dodging
 + Level 4.2 Unarmed Combat
 - Level 2.0 Spellcasting
 + Level 4.2 Transmutations


You had one spell level left.
You knew the following spells:

 Your Spells              Type           Power      Damage    Failure   Level
a - Beastly Appendage     Tmut           26%        N/A       4%          1
b - Spider Form           Tmut/Pois      7%         N/A       30%         3
c - Wereblood             Tmut           13%        N/A       6%          2

Your spell library contained the following spells:

 Spells                   Type           Power      Damage    Failure   Level
 Ice Form                 Ice/Tmut       7%         N/A       69%         4


Dungeon Overview and Level Annotations

Branches:
Dungeon (2/15)

Altars:
Kikubaaqudgha


Innate Abilities, Weirdness & Mutations

You have temporarily grown beastly horns.
((You are very nimble when in or above water. (Stealth+, EV+, Speed+++)))
Your lower body shifts to a powerful aquatic tail in water.


Message History

The frilled lizard misses you.
The orc priest hits you but does no damage.
You barely miss the orc priest. Your headbutt misses the orc priest.
You punch the orc priest, but do no damage.
The frilled lizard bites you but does no damage.
The orc hits you from afar with a +0 trident.
You barely miss the orc priest. The orc priest closely misses you.
The frilled lizard bites you but does no damage.
The orc barely misses you. The orc hits you but does no damage.
You closely miss the orc priest. The orc priest hits you with a +0 club.
A giant cockroach comes into view.
The frilled lizard bites you but does no damage.
You punch the orc priest! Your punch misses the orc priest.
The orc priest is heavily wounded.
The orc closely misses you. The frilled lizard barely misses you.
You hit the orc priest.
The orc priest is almost dead.
The orc hits you from afar with a +0 trident.
The orc priest calls down the wrath of Beogh upon you.
Pain shoots through your body! The frilled lizard closely misses you.
You barely miss the orc priest. Your headbutt misses the orc priest.
The orc priest is almost dead.
The orc hits you from afar with a +0 trident.
The orc priest looks satisfied for a moment.
The orc barely misses you. The frilled lizard closely misses you.
You barely miss the orc priest.
The orc priest is almost dead.
The orc barely misses you. The orc hits you with a +0 club.
The orc priest looks encouraged for a moment.
You closely miss the orc priest.
The orc priest is almost dead.
The frilled lizard closely misses you. The orc closely misses you.
The orc priest mumbles some strange prayers to Beogh against you.
Pain shoots through your body!
* * * LOW HITPOINT WARNING * * *
The orc hits you with a +0 club.
* * * LOW HITPOINT WARNING * * *
The frilled lizard bites you but does no damage.
The orc hits you from afar with a +0 trident.
You die...

##................#
#................#
###.........###....#
#...#####.....#....#
#...####......#....###..
>.....†..................
#...####.........######..
#########........'.......
##...#.......@#######.
..............low....
.............ooo.....
.............B.......
..................<..
.....................
.....................
#.......................
........................


You could see 2 orc priests, a dart slug, 2 orcs, a giant cockroach and a
frilled lizard.

Vanquished Creatures
  2 adders (D:3)
  An adder skeleton (D:3)
  2 worms (D:2)
  2 dart slugs (D:1)
  4 ball pythons (D:1)
  3 endoplasms
  A giant cockroach (D:1)
  2 goblins (D:1)
  6 hobgoblins
  4 jackals (D:1)
  4 quokkas
  8 bats
  5 frilled lizards (D:1)
  5 kobolds
  6 rats
55 creatures vanquished.

Notes
Turn   | Place    | Note
-------+----------+-------------------------------------------
     0 | D:1      | PentaManta the Merfolk Transmuter began the quest for the
                  | Orb.
     0 | D:1      | Reached XP level 1. HP: 15/15 MP: 3/3
   241 | D:1      | Reached XP level 2. HP: 21/21 MP: 5/5
   564 | D:1      | Reached XP level 3. HP: 19/26 MP: 6/6
  1094 | D:1      | Learned a level 3 spell: Spider Form
  1578 | D:2      | Found an ancient bone altar of Kikubaaqudgha.
  1652 | D:2      | Learned a level 2 spell: Wereblood
  1750 | D:2      | Reached XP level 4. HP: 32/32 MP: 7/7
  1791 | D:2      | You fall into a shaft and drop 1 floor!
  1928 | D:3      | HP: 1/32 [orc/+0 club (2)]
  1929 | D:3      | Slain by an orc

Illustrated notes

Levels and vault maps discovered:
D:1:      psy_arrival_conway, layout_loops_ring
D:2:      layout_loops_corners, basic_altar, shapermc_ecumenical_altar_pompeii
D:3:      layout_basic, grunt_temple_overflow_open, cheibrodos_sewer_entry_drain

Skill      XL: |  1  2  3 |
---------------+----------+-----
Transmutations | 3 4 |  4.2
Dodging        | 3 |  3.9
Unarmed Combat | 4 |  4.2
Fighting       | |  1.1
Spellcasting   | |  2.0

Action                   |  1- 3 |  4- 6 || total
-------------------------+-------+-------++-------
Melee: Unarmed           |   172 |    52 ||   224
       Punch             |     7 |     2 ||     9
       Headbutt          |       |     2 ||     2
 Cast: Beastly Appendage |     1 |     3 ||     4
       Wereblood         |       |     1 ||     1
  Use: Scroll            |       |     3 ||     3
 Stab: Sleeping          |     2 |       ||     2
Armor: Robe              |    39 |    31 ||    70
Dodge: Dodged            |   100 |    76 ||   176
